 Dungeon Crawl Stone Soup version 0.28.0-43-g3370ac3207 (webtiles) character file.

Game seed: 18047293753806443237

35 Revguard the Shield-Bearer (level 3, -3/29 HPs)
             Began as a Formicid Fighter on Mar 25, 2022.
             Succumbed to a scorpion's poison
             ... on level 2 of the Dungeon.
             The game lasted 00:02:20 (1063 turns).

Revguard the Shield-Bearer (Formicid Fighter)       Turns: 1063, Time: 00:02:20

Health: -3/29      AC:  6    Str: 20    XL:     3   Next: 55%
Magic:  3/3        EV:  9    Int:  7    God:
Gold:   56         SH:  5    Dex: 12    Spells: 2/2 levels left

rFire   . . .      SeeInvis +   a - +0 war axe
rCold   . . .      Faith    .   c - +0 buckler
rNeg    . . .      Spirit   .   b - +0 scale mail
rPois   .          Reflect  .   (helmet unavailable)
rElec   .          Harm     .   (no cloak)
rCorr   .          Rampage  .   (no gloves)
Will    .....                   (no boots)
Stlth   ..........              (no amulet)
HPRegen 0.09/turn               (no ring)
MPRegen 0.08/turn               (no ring)

@: mighty, lethally poisoned (-3 -> -19)
A: permanent stasis, dig shafts and tunnels, antennae 3, four strong arms
a: Dig, Shaft Self


You were on level 2 of the Dungeon.
You visited 1 branch of the dungeon, and saw 2 of its levels.

You collected 56 gold pieces.

Inventory:

Hand Weapons
 a - a +0 war axe (weapon)
Armour
 b - a +0 scale mail (worn)
 c - a +0 buckler (worn)
Scrolls
 e - a scroll of holy word {unknown}
 f - a scroll of teleportation {unknown}
 g - a scroll of enchant weapon {unknown}


   Skills:
 + Level 3.6 Fighting
 + Level 2.3 Axes
 + Level 3.6 Armour
 + Level 1.0 Dodging
 + Level 4.0 Shields


You had 2 spell levels left.
You didn't know any spells.
Your spell library was empty.

Dungeon Overview and Level Annotations

Branches:
Dungeon (2/15)

Altars:


Innate Abilities, Weirdness & Mutations

You cannot be hasted, slowed, berserked, paralysed or teleported.
You can dig through walls and to a lower floor.
You have a pair of large antennae on your head. (SInv)
Your four strong arms can wield two-handed weapons with a shield.


Message History

You kill the adder!
Your Dodging skill increases to level 1!
Your Shields skill increases to level 4!
You hit the scorpion.
The scorpion is moderately wounded.
The scorpion stings you.
You are poisoned.
The scorpion poisons you! The scorpion barely misses you.
You hit the scorpion.
The scorpion is moderately wounded.
You feel very sick. The scorpion closely misses you.
You block the scorpion's attack.
You completely miss the scorpion.
The scorpion is moderately wounded.
You feel sick.
The scorpion stings you but does no damage.
You hit the scorpion but do no damage.
The scorpion is moderately wounded.
You feel sick. The scorpion stings you! The scorpion misses you.
You feel very mighty all of a sudden.
You feel sick. You block the scorpion's attack.
You slash the scorpion!
The scorpion is severely wounded.
You feel sick.
You are no longer poisoned.
The scorpion stings you.
You are lethally poisoned!
The scorpion poisons you!
The scorpion stings you but does no damage.
You closely miss the scorpion.
The scorpion is severely wounded.
* * * LOW HITPOINT WARNING * * *
You feel very sick. The scorpion stings you.
* * * LOW HITPOINT WARNING * * *
You are more poisoned.
The scorpion poisons you!
You slash the scorpion!
You kill the scorpion!
You die...

#.# #.. ###.#
#...#
#...#######
#..........
###..........
##....@....... .
#>............
..#.....).......
........########
....^....#
.........#
......)..#
.........####
........†...#


There were no monsters in sight!

Vanquished Creatures
  A scorpion (D:2)
  An adder (D:2)
  3 ball pythons
  A bat (D:1)
  3 endoplasms (D:1)
  3 goblins
  3 hobgoblins
  2 quokkas
  A frilled lizard (D:1)
  5 kobolds
  A rat (D:1)
24 creatures vanquished.

Notes
Turn   | Place    | Note
-------+----------+-------------------------------------------
     0 | D:1      | Revguard the Formicid Fighter began the quest for the Orb.
     0 | D:1      | Reached XP level 1. HP: 18/18 MP: 1/1
   162 | D:1      | Reached XP level 2. HP: 24/24 MP: 2/2
   498 | D:1      | Found a faded altar of an unknown god.
   788 | D:2      | Reached XP level 3. HP: 28/29 MP: 3/3
  1052 | D:2      | Noticed a scorpion
  1056 | D:2      | Reached skill level 1 in Dodging
  1056 | D:2      | Reached skill level 4 in Shields
  1063 | D:2      | Killed a scorpion
  1063 | D:2      | Succumbed to a scorpion's poison

Illustrated notes

Levels and vault maps discovered:
D:1:      dpeg_arrival_shrine, layout_basic,
          dreamdust_ecumenical_altar_angels_and_demons, st_stairs_12,
          minmay_misc_feat_square, nrook_mini_backslash,
          nicolae_figureground_sparkle
D:2:      cheibrodos_helix_gallery, layout_basic, minmay_crystal_room,
          moated_statue

Skill      XL: |  1  2  3 |
---------------+----------+-----
Dodging        | 1 |  1.0
Shields        | 4 |  4.0
Fighting       | |  3.6
Axes           | |  2.3
Armour         | |  3.6

Action                   || total
-------------------------++-------
Melee: War axe           ||    57
  Use: Potion            ||     1
Armor: Scale mail        ||    30
Dodge: Dodged            ||    39
Block: Buckler           ||    14
